 Dungeon Crawl Stone Soup version 0.19.1-1-g22dce08 (webtiles) character file.

308 Dolanko the Skirmisher (level 6, -2/56 HPs)
             Began as a Minotaur Fighter on Jan 4, 2017.
             Slain by Sigmund
             ... wielding a +4 scythe
              (7 damage)
             ... on level 3 of the Dungeon.
             The game lasted 00:03:59 (1824 turns).

Dolanko the Skirmisher (Minotaur Fighter)           Turns: 1824, Time: 00:03:59

Health: -2/56      AC: 12    Str: 22    XL:     6   Next: 16%
Magic:  5/5        EV:  4    Int:  5    God:
Gold:   174        SH: 14    Dex:  6    Spells: 0 memorised, 5 levels left

rFire  . . .     SeeInvis .     a - +0 flail
rCold  . . .     Gourm    .     e - +0 plate armour
rNeg   . . .     Faith    .     c - +0 shield
rPois  .         Spirit   .     (helmet unavailable)
rElec  .         Reflect  +     (no cloak)
rCorr  .         Harm     .     (no gloves)
MR     .....                    (no boots)
Stlth  ..........               p - +5 amulet of reflection
                                (no ring)
                                (no ring)

@: no status effects
A: retaliatory headbutt, horns 3, clumsy 2
a: no special abilities


You were on level 3 of the Dungeon.
You were hungry.

You visited 1 branch of the dungeon, and saw 3 of its levels.

You collected 174 gold pieces.

Inventory:

Hand Weapons
 a - a +0 flail (weapon)
Armour
 c - a +0 shield (worn)
 e - a +0 plate armour (worn)
Jewellery
 l - an uncursed ring of ice {unknown}
 p - a +5 amulet of reflection (around neck)
Scrolls
 h - a scroll of remove curse {unknown}
 j - a scroll of fog {unknown}
 q - a scroll of enchant armour {unknown}
Potions
 i - a potion of mutation
Comestibles
 f - a bread ration
 k - a beef jerky


   Skills:
 + Level 5.2 Fighting
 + Level 4.4 Maces & Flails
 + Level 5.1 Armour
 + Level 5.2 Shields


You had 5 spell levels left.
You didn't know any spells.

Dungeon Overview and Level Annotations

Branches:
Dungeon (3/15)

Altars:
Gozag
Kikubaaqudgha
Sif Muna
Vehumet

Shops:
D:2 *

Annotations:
D:3 Sigmund


Innate Abilities, Weirdness & Mutations

You reflexively headbutt those who attack you in melee.
You have a pair of large horns on your head.
You are very clumsy. (Dex -4)


Message History

Something hits you!
You closely miss the frilled lizard. You block the frilled lizard's attack.
Something hits you but does no damage.
You thump the frilled lizard!
You kill the frilled lizard!
You block something's attack.
You see here a frilled lizard corpse.
You closely miss something. Something hits you.
* * * LOW HITPOINT WARNING * * *
Your shield and plate armour prevent you from hitting something.
Something hits you!
* * * LOW HITPOINT WARNING * * *
You closely miss something. You headbutt something! Something hits you.
* * * LOW HITPOINT WARNING * * *
You sock something! Your headbutt misses something.
You hear some strange, mumbled words.
A magic dart appears from out of thin air!
The magic dart hits you!
You miss something. Your headbutt misses something. Something hits you!
You die...

######.###.# #####+#+## #..†#.#
#.# #........# #.#.#.# #.. #.#
#........# #.#.#.##...
#.###........###.#.#.##.##
.......................... #.#
#.###..#.......... #.# #.#
#..#...#.#.... ########.### #@#
#..#...#.#....
..[......#.#####{###..#...#.#####
..[.)......?......##..#...#.#<...
..))..............##..#...#.#.#..
..###############..#......#.#.# .
.. .........#.#.#.# #.# #
#######..#.....# #.# #..##....#
#.# ##.##..#.# #÷#


There were no monsters in sight!

Vanquished Creatures
  Grinder (D:3)
  4 adders
  A worm (D:2)
  2 dart slugs (D:1)
  A leopard gecko (D:2)
  5 orcs (D:3)
  7 bats
  3 giant cockroaches
  5 goblins
  4 hobgoblins
  7 jackals
  8 kobolds
  2 quokkas
  8 frilled lizards
  12 rats
70 creatures vanquished.

Notes
Turn   | Place    | Note
-------+----------+-------------------------------------------
     0 | D:1      | Dolanko the Minotaur Fighter began the quest for the Orb.
     0 | D:1      | Reached XP level 1. HP: 19/19 MP: 0/0
    97 | D:1      | Reached XP level 2. HP: 18/27 MP: 1/1
   650 | D:1      | Reached XP level 3. HP: 33/33 MP: 2/2
   843 | D:2      | Found a radiant altar of Vehumet.
   874 | D:2      | Found an opulent altar of Gozag.
   878 | D:2      | Found Gozag's Platinum Reserve.
  1115 | D:2      | Reached XP level 4. HP: 29/41 MP: 3/3
  1225 | D:2      | Found an ancient bone altar of Kikubaaqudgha.
  1402 | D:2      | Found a deep blue altar of Sif Muna.
  1720 | D:3      | Noticed Grinder
  1728 | D:3      | Gained mutation: You are clumsy. (Dex -2) [potion of mutation]
  1728 | D:3      | Gained mutation: You are very clumsy. (Dex -4) [potion of mutation]
  1728 | D:3      | Gained mutation: You have a pair of large horns on your head. [potion of mutation]
  1731 | D:3      | Paralysed by Grinder for 7 turns
  1749 | D:3      | Killed Grinder
  1749 | D:3      | Reached skill level 5 in Fighting
  1749 | D:3      | Reached skill level 5 in Armour
  1749 | D:3      | Reached skill level 5 in Shields
  1749 | D:3      | Reached XP level 5. HP: 24/48 MP: 4/4
  1749 | D:3      | Reached XP level 6. HP: 29/56 MP: 5/5
  1791 | D:3      | Noticed Sigmund
  1824 | D:3      | Slain by Sigmund

Skill      XL: |  1  2  3  4 |
---------------+-------------+-----
Shields        | 4 5 |  5.2
Fighting       | 4 5 |  5.2
Maces & Flails | 3 4 |  4.4
Armour         | 4 5 |  5.1

Action                   |  1- 3 |  4- 6 || total
-------------------------+-------+-------++-------
Melee: Flail             |   159 |    91 ||   250
       Headbutt          |    15 |    12 ||    27
  Use: Potion            |       |     5 ||     5
       Scroll            |       |     1 ||     1
  Eat: Chunk             |       |     3 ||     3
Armor: Plate armour      |    79 |    54 ||   133
       Scale mail        |     5 |       ||     5
       Skin              |       |     9 ||     9
Dodge: Dodged            |    27 |    11 ||    38
Block: Shield            |    70 |    52 ||   122
